SR
STATEN ISLAND PIZZA RATS @ CROWLEY CAJUNS
08/31/2034
 
TOP OF THE 1ST
Staten Island Pizza Rats batting - Pitching for Crowley Cajuns : LHP Willard Kanjuchi
Pitching: LHP Willard Kanjuchi
Batting: LHB Wilson Sabadodíaz 0-0: Called Strike
0-1: Foul Ball, location: 2F
0-2: Ball
1-2: Ground out 6-3 (Groundball, 6)
Batting: RHB Albert McBride 0-0: Ball
1-0: Ground out 6-3 (Groundball, 6M)
Batting: LHB Ismael Soto 0-0: Called Strike
0-1: Foul Ball, location: 2F
0-2: Foul Ball, location: 2F
0-2: Ball
1-2: Strikes out swinging
Top of the 1st over - 0 runs, 0 hits, 0 errors, 0 left on base; Staten Island 0 - Crowley 0
BOTTOM OF THE 1ST
Crowley Cajuns batting - Pitching for Staten Island Pizza Rats : LHP Jesús Colón
Pitching: LHP Jesús Colón
Batting: RHB Lucas Winslade 0-0: Called Strike
0-1: Called Strike
0-2: Strikes out swinging
Batting: RHB Steve Smith 0-0: Called Strike
0-1: Foul Ball, location: 2F
0-2: Ball
1-2: Strikes out looking
Batting: RHB Albert Seals 0-0: Called Strike
0-1: Swinging Strike
0-2: Ball
1-2: Strikes out swinging
Bottom of the 1st over - 0 runs, 0 hits, 0 errors, 0 left on base; Staten Island 0 - Crowley 0
TOP OF THE 2ND
Staten Island Pizza Rats batting - Pitching for Crowley Cajuns : LHP Willard Kanjuchi
Batting: RHB Curt Rovira 0-0: Ball
1-0: Ball
2-0: Called Strike
2-1: Called Strike
2-2: Foul Ball, location: 2F
2-2: Ground out 4-3 (Groundball, 4)
Batting: RHB Jack Lynch 0-0: Called Strike
0-1: Ball
1-1: Foul Ball, location: 2F
1-2: Strikes out swinging
Batting: LHB Puck Schit 0-0: Ball
1-0: Fly out, F8 (Flyball, 8RM)
Top of the 2nd over - 0 runs, 0 hits, 0 errors, 0 left on base; Staten Island 0 - Crowley 0
BOTTOM OF THE 2ND
Crowley Cajuns batting - Pitching for Staten Island Pizza Rats : LHP Jesús Colón
Batting: RHB James Strickland 0-0: Foul Ball, location: 2F
0-1: Swinging Strike
0-2: Strikes out swinging
Batting: LHB Stephen Goldobenko 0-0: Ball
1-0: Called Strike
1-1: Called Strike
1-2: Foul Ball, location: 2F
1-2: Ball
2-2: Ball
3-2: Base on Balls
Batting: RHB Vitorio Flores 0-0: Ball
1-0: Ball
2-0: SINGLE (Line Drive, 56)
Stephen Goldobenko to second
Batting: SHB Reginald Gibson 0-0: Called Strike
0-1: Ball
1-1: Called Strike
1-2: Fly out, F7 (Line Drive, 7D)
Batting: LHB Scott Fields 0-0: Called Strike
0-1: Ball
1-1: Ball
2-1: Foul Ball, location: 2F
2-2: Foul Ball, location: 2F
2-2: Ball
3-2: Foul Ball, location: 2F
3-2: Foul Ball, location: 2F
3-2: Ground out 5-3 (Groundball, 5L)
Bottom of the 2nd over - 0 runs, 1 hit, 0 errors, 2 left on base; Staten Island 0 - Crowley 0
TOP OF THE 3RD
Staten Island Pizza Rats batting - Pitching for Crowley Cajuns : LHP Willard Kanjuchi
Batting: RHB Jorge Japón 0-0: Called Strike
0-1: Ball
1-1: Foul Ball, location: 2F
1-2: SINGLE (Flyball, 3D)
Batting: LHB Carlos Sánchez 0-0: Ball
1-0: Called Strike
1-1: Ball
2-1: Ground out U3 (Groundball, 34)
Jorge Japón to second
Batting: LHB Anastasio Colomo 0-0: Called Strike
0-1: Reached on error, E5 (Groundball, 5)
Jorge Japón to third
Batting: LHB Wilson Sabadodíaz 0-0: Squeeze Bunt - play home, runner OUT, batter safe! 5-2
Anastasio Colomo to second
Batting: RHB Albert McBride 0-0: Foul Ball, location: 2F
0-1: Called Strike
0-2: Hit by Pitch
Anastasio Colomo to third
Wilson Sabadodíaz to second
Batting: LHB Ismael Soto 0-0: Called Strike
0-1: Ball
1-1: Fly out, F8 (Line Drive, 8LD)
Top of the 3rd over - 0 runs, 1 hit, 1 error, 3 left on base; Staten Island 0 - Crowley 0
BOTTOM OF THE 3RD
Crowley Cajuns batting - Pitching for Staten Island Pizza Rats : LHP Jesús Colón
Batting: RHB Dusty Hunt 0-0: Ball
1-0: Ball
2-0: SINGLE (Groundball, 6MD)
Batting: RHB Lucas Winslade 0-0: Ball
1-0: Foul Ball, location: 2F
1-1: Foul Ball, location: 2F
1-2: Ball
2-2: Ball
3-2: DOUBLE (Line Drive, 7LM)
Dusty Hunt to third
Batting: RHB Steve Smith 0-0: Ball
1-0: Called Strike
1-1: Ball
2-1: Fly out, F8 (Flyball, 8LM)
Runner from 3rd tags up, SCORES, no throw
Batting: RHB Albert Seals 0-0: Foul Ball, location: 2F
0-1: Called Strike
0-2: Ball
1-2: Strikes out looking
Batting: RHB James Strickland 0-0: Swinging Strike
0-1: Foul Ball, location: 2F
0-2: Ground out U3 (Groundball, 34S)
Bottom of the 3rd over - 1 run, 2 hits, 0 errors, 1 left on base; Staten Island 0 - Crowley 1
TOP OF THE 4TH
Staten Island Pizza Rats batting - Pitching for Crowley Cajuns : LHP Willard Kanjuchi
Batting: RHB Curt Rovira 0-0: Ball
1-0: Ball
2-0: Ball
3-0: Called Strike
3-1: Called Strike
3-2: Base on Balls
Batting: RHB Jack Lynch 0-0: Ball
1-0: Ball
2-0: Fielders Choice at 2nd, 6-4 (Groundball, 56)
Batting: LHB Puck Schit 0-0: Called Strike
0-1: Ball
1-1: Fly out, F4 (Line Drive, 4)
Batting: RHB Jorge Japón 0-0: Ball
1-0: DOUBLE (Line Drive, 7LD)
Jack Lynch to third
Batting: LHB Carlos Sánchez 0-0: Ball
1-0: Foul Ball, location: 2F
1-1: Ground out 6-3 (Groundball, 56)
Top of the 4th over - 0 runs, 1 hit, 0 errors, 2 left on base; Staten Island 0 - Crowley 1
BOTTOM OF THE 4TH
Crowley Cajuns batting - Pitching for Staten Island Pizza Rats : LHP Jesús Colón
Batting: LHB Stephen Goldobenko 0-0: Foul Ball, location: 2F
0-1: Ball
1-1: Ground out 4-3 (Groundball, 4)
Batting: RHB Vitorio Flores 0-0: Called Strike
0-1: Ground out 5-3 (Groundball, 56)
Batting: SHB Reginald Gibson 0-0: Swinging Strike
0-1: Swinging Strike
0-2: Ball
1-2: Strikes out swinging
Bottom of the 4th over - 0 runs, 0 hits, 0 errors, 0 left on base; Staten Island 0 - Crowley 1
TOP OF THE 5TH
Staten Island Pizza Rats batting - Pitching for Crowley Cajuns : LHP Willard Kanjuchi
Batting: LHB Anastasio Colomo 0-0: Foul Ball, location: 2F
0-1: Ball
1-1: Swinging Strike
1-2: Strikes out swinging
Batting: LHB Wilson Sabadodíaz 0-0: Foul Ball, location: 2F
0-1: Swinging Strike
0-2: Ball
1-2: Ball
2-2: Ball
3-2: SINGLE (Groundball, 56S) (infield hit)
Batting: RHB Albert McBride 0-0: Ball
1-0: Ball
2-0: Reached on error, E6 (Groundball, 6)
Wilson Sabadodíaz to second
Batting: LHB Ismael Soto 0-0: Ball
1-0: Ball
2-0: Foul Ball, location: 2F
2-1: SINGLE (Line Drive, 6D)
Wilson Sabadodíaz to third
Albert McBride to second
Runner from 3rd tries for Home, SAFE, throw made home
Batting: RHB Curt Rovira 0-0: Ground out 5-3 (Groundball, 56S)
Albert McBride to third
Ismael Soto to second
Batting: RHB Jack Lynch 0-0: Intentional Walk
Batting: LHB Puck Schit 0-0: Ground out U3 (Groundball, 3)
Top of the 5th over - 1 run, 2 hits, 1 error, 3 left on base; Staten Island 1 - Crowley 1
BOTTOM OF THE 5TH
Crowley Cajuns batting - Pitching for Staten Island Pizza Rats : LHP Jesús Colón
Batting: LHB Scott Fields 0-0: Ground out 6-3 (Groundball, 6)
Batting: RHB Dusty Hunt 0-0: Foul Ball, location: 2F
0-1: Ball
1-1: Foul Ball, location: 2F
1-2: Ball
2-2: Strikes out looking
Batting: RHB Lucas Winslade 0-0: Ball
1-0: Bunt missed!
1-1: Ball
2-1: Foul Ball, location: 2F
2-2: Ground out 6-3 (Groundball, 6)
Bottom of the 5th over - 0 runs, 0 hits, 0 errors, 0 left on base; Staten Island 1 - Crowley 1
TOP OF THE 6TH
Staten Island Pizza Rats batting - Pitching for Crowley Cajuns : LHP Willard Kanjuchi
Batting: RHB Jorge Japón 0-0: Ball
1-0: Fly out, F8 (Line Drive, 8LXD)
Batting: LHB Carlos Sánchez 0-0: Ball
1-0: Called Strike
1-1: Ball
2-1: SINGLE (Groundball, 34D)
Batting: LHB Anastasio Colomo 0-0: Foul Ball, location: 2F
0-1: Ball
1-1: Called Strike
1-2: Ball
2-2: Strikes out swinging
Batting: LHB Wilson Sabadodíaz 0-0: Called Strike
0-1: Fly out, F8 (Line Drive, 8LM)
Top of the 6th over - 0 runs, 1 hit, 0 errors, 1 left on base; Staten Island 1 - Crowley 1
BOTTOM OF THE 6TH
Crowley Cajuns batting - Pitching for Staten Island Pizza Rats : LHP Jesús Colón
Batting: RHB Steve Smith 0-0: Called Strike
0-1: Ball
1-1: SINGLE (Flyball, 7LS)
Batting: RHB Albert Seals 0-0: Ball
Steve Smith steals 2nd base
1-0: DOUBLE (Line Drive, 9LM)
Steve Smith scores
Batting: RHB James Strickland 0-0: Intentional Walk
Batting: LHB Stephen Goldobenko 0-0: Ball
1-0: Foul Ball, location: 2F
1-1: Ball
2-1: Fly out, F8 (Flyball, 8RXD)
Runner from 2nd tags up, SAFE at 3rd, no throw
Batting: RHB Vitorio Flores 0-0: Called Strike
0-1: Ball
1-1: Ball
2-1: Called Strike
2-2: Foul Ball, location: 2F
2-2: Foul Ball, location: 2F
2-2: Foul Ball, location: 2F
2-2: Ball
3-2: Foul Ball, location: 2F
3-2: Fly out, F4 (Popup, 4D)
Batting: SHB Reginald Gibson 0-0: Called Strike
0-1: Swinging Strike
0-2: Ball
1-2: Strikes out swinging
Bottom of the 6th over - 1 run, 2 hits, 0 errors, 2 left on base; Staten Island 1 - Crowley 2
TOP OF THE 7TH
Staten Island Pizza Rats batting - Pitching for Crowley Cajuns : LHP Willard Kanjuchi
Batting: RHB Albert McBride 0-0: Ball
1-0: Foul Ball, location: 2F
1-1: Foul Ball, location: 2F
1-2: Foul Ball, location: 2F
1-2: Fly out, F4 (Popup, 4M)
Batting: LHB Ismael Soto 0-0: Ball
1-0: Fly out, F3 (Popup, 3SF)
Batting: RHB Curt Rovira 0-0: Ball
1-0: Ground out 6-3 (Groundball, 6M)
Top of the 7th over - 0 runs, 0 hits, 0 errors, 0 left on base; Staten Island 1 - Crowley 2
BOTTOM OF THE 7TH
Crowley Cajuns batting - Pitching for Staten Island Pizza Rats : LHP Jesús Colón
Batting: LHB Scott Fields 0-0: Ball
1-0: Ball
2-0: Ground out 6-3 (Groundball, 6)
Batting: RHB Dusty Hunt 0-0: SINGLE (Flyball, 7S)
Batting: RHB Lucas Winslade 0-0: Ball
Dusty Hunt is caught stealing 2nd base
1-0: Called Strike
1-1: SINGLE (Popup, 56D)
Batting: RHB Steve Smith 0-0: Ball
1-0: Ball
2-0: Called Strike
Lucas Winslade steals 2nd base
2-1: Fly out, F4 (Line Drive, 4)
Bottom of the 7th over - 0 runs, 2 hits, 0 errors, 1 left on base; Staten Island 1 - Crowley 2
TOP OF THE 8TH
Staten Island Pizza Rats batting - Pitching for Crowley Cajuns : LHP Willard Kanjuchi
Now in CF: Jorge Indiano
Batting: RHB Jack Lynch 0-0: Ground out 1-3 (Groundball, P)
Batting: LHB Puck Schit 0-0: Ball
1-0: Ball
2-0: Ball
3-0: Called Strike
3-1: Foul Ball, location: 2F
3-2: Foul Ball, location: 2F
3-2: Foul Ball, location: 2F
3-2: Foul Ball, location: 2F
3-2: DOUBLE (Line Drive, 9LS)
Pitching: RHP Marcus Morgan
Batting: RHB Jorge Japón 0-0: Swinging Strike
0-1: Foul Ball, location: 2F
0-2: Ball
1-2: Ball
2-2: Ball
3-2: Fly out, F8 (Flyball, 8LM)
Batting: LHB Carlos Sánchez 0-0: Ball
1-0: Ball
2-0: Ball
3-0: Base on Balls
Batting: LHB Anastasio Colomo 0-0: Called Strike
0-1: Swinging Strike
0-2: Ball
1-2: Ball
2-2: Ball
3-2: Strikes out swinging
Top of the 8th over - 0 runs, 1 hit, 0 errors, 2 left on base; Staten Island 1 - Crowley 2
BOTTOM OF THE 8TH
Crowley Cajuns batting - Pitching for Staten Island Pizza Rats : LHP Jesús Colón
Batting: RHB Albert Seals 0-0: Foul Ball, location: 2F
0-1: Ball
1-1: Ball
2-1: Foul Ball, location: 2F
2-2: Foul Ball, location: 2F
2-2: Ground out U3 (Groundball, 34)
Batting: RHB James Strickland 0-0: Called Strike
0-1: SINGLE (Groundball, 34D)
Pitching: RHP Pi-ao Shu
Batting: LHB Stephen Goldobenko 0-0: Ball
1-0: 2-RUN HOME RUN (Flyball, 89XD), Distance : 404 ft
Batting: RHB Vitorio Flores 0-0: Ball
1-0: Ball
2-0: Foul Ball, location: 2F
2-1: Called Strike
2-2: SINGLE (Groundball, 56S) (infield hit)
Batting: SHB Reginald Gibson 0-0: Called Strike
0-1: SINGLE (Groundball, 4) (infield hit)
Vitorio Flores to second
Batting: LHB Scott Fields 0-0: Called Strike
0-1: Swinging Strike
0-2: Ball
1-2: Strikes out swinging
Batting: RHB Dusty Hunt 0-0: Called Strike
0-1: Ball
1-1: Called Strike
1-2: Ball
2-2: Foul Ball, location: 2F
2-2: Ball
3-2: Foul Ball, location: 2F
3-2: Strikes out swinging
Bottom of the 8th over - 2 runs, 4 hits, 0 errors, 2 left on base; Staten Island 1 - Crowley 4
TOP OF THE 9TH
Staten Island Pizza Rats batting - Pitching for Crowley Cajuns : RHP Marcus Morgan
Batting: LHB Wilson Sabadodíaz 0-0: Ball
1-0: Ball
2-0: Called Strike
2-1: Foul Ball, location: 2F
2-2: Foul Ball, location: 2F
2-2: Fly out, F6 (Line Drive, 6)
Batting: RHB Albert McBride 0-0: Called Strike
0-1: Ball
1-1: Ball
2-1: Called Strike
2-2: Ground out 5-3 (Groundball, 5)
Batting: LHB Ismael Soto 0-0: Ball
1-0: Foul Ball, location: 2F
1-1: Foul Ball, location: 2F
1-2: Ball
2-2: Ball
3-2: Strikes out looking
Top of the 9th over - 0 runs, 0 hits, 0 errors, 0 left on base; Staten Island 1 - Crowley 4
Friday, March 29th, 2019 - OOTP Baseball 18.8 Build 76